 Dungeon Crawl Stone Soup version 0.26.1-11-gd32895ea62 (webtiles) character file.

Game seed: 14743445636584878106

121 adizb the Insei (level 5, -7/34 HPs)
             Began as an Octopode Transmuter on June 25, 2021.
             Mangled by an orc
             ... wielding a +0 flail
              (11 damage)
             ... on level 4 of the Dungeon on June 26, 2021.
             The game lasted 00:22:54 (2404 turns).

adizb the Insei (Octopode Transmuter)               Turns: 2404, Time: 00:22:54

Health: -7/34      AC:  1    Str: 11    XL:     5   Next: 5%
Magic:  8/8        EV: 14    Int: 15    God:
Gold:   130        SH:  0    Dex: 12    Spells: 6/9 levels left

rFire    . . .     SeeInvis .     - Unarmed
rCold    . . .     Faith    .   (no shield)
rNeg     . . .     Spirit   .   (helmet currently unavailable)
rPois    .         Reflect  .   (no amulet)
rElec    .         Harm     .   (no ring)
rCorr    .         Rampage  .   (no ring)
Will     .....                  (no ring)
Stlth    +++.......             (no ring)
HPRegen  0.11/turn              (no ring)
MPRegen  0.11/turn              (no ring)
                                (no ring)
                                (no ring)

@: appendages (expiring)
A: almost no armour, stealthy swim, amphibious, 8 rings, constrict 8, tentacle
spike 3, camouflage 1, gelatinous body 1
a: End Transformation


You were on level 4 of the Dungeon.
One of your tentacles had a temporary spike.
You visited 1 branch of the dungeon, and saw 4 of its levels.

You collected 130 gold pieces.

Inventory:

Scrolls
 a - 3 scrolls of teleportation
 b - 3 scrolls of remove curse {unknown}
 c - 3 scrolls of identify {unknown}
 d - a scroll of immolation {unknown}
 f - 4 scrolls of enchant weapon {unknown}
Potions
 e - 3 potions of curing {unknown}
 g - 2 potions of might {unknown}
 h - a potion of ambrosia {unknown}
 i - a potion of heal wounds {unknown}


   Skills:
 + Level 1.8 Fighting
 + Level 2.6 Dodging
 - Level 2.0 Stealth
 + Level 3.9 Unarmed Combat
 * Level 2.5 Spellcasting
 + Level 2.6 Transmutations


You had 6 spell levels left.
You knew the following spells:

 Your Spells              Type           Power        Failure   Level
a - Beastly Appendage     Tmut           18%          7%          1
b - Wereblood             Tmut           9%           11%         2

Your spell library contained the following spells:

 Spells                   Type           Power        Failure   Level
 Spider Form              Tmut/Pois      2%           36%         3
 Confusing Touch          Hex            1%           54%         3
 Gell's Gravitas          Tloc           0%           54%         3
 Ice Form                 Ice/Tmut       5%           77%         4
 Petrify                  Tmut/Erth      5%           77%         4
 Blade Hands              Tmut           4%           89%         5
 Yara's Violent Unravell  Hex/Tmut       2%           98%         5
 Metabolic Englaciation   Hex/Ice        0%           99%         5


Dungeon Overview and Level Annotations

Branches:
Dungeon (4/15)
 Temple: D:4-7

Altars:
Ru
Sif Muna
Yredelemnul

Shops:
D:4 (


Innate Abilities, Weirdness & Mutations

You cannot wear most types of armour.
You are very stealthy in the water. (Stealth+)
You are amphibious.
You can wear up to eight rings at the same time.
You can use your tentacles to constrict eight enemies at once.
Your skin changes colour to match your surroundings (Stealth+).
Your rubbery body absorbs attacks. (AC +1, EV +1)
One of your tentacles bears a large vicious spike.


Message History

The orc wizard points at itself and mumbles some strange words.
The orc wizard flickers and vanishes!
Deactivating autopickup; reactivate with Ctrl-A.
A worker ant comes into view.
The orc priest invokes the aid of Beogh against you.
Pain shoots through your body!
Your transformation is almost over.
The orc priest looks braver for a moment.
The orc priest begins to cast a cantrip, but forgets the words!
The orc priest invokes the aid of Beogh against you.
Pain shoots through your body! The dart slug launches a dart at you.
The slug dart hits you.
The orc priest mumbles some strange prayers to Beogh against you.
Beogh smites you!
* * * LOW HITPOINT WARNING * * *
There is a stone staircase leading up here.
You can't go down here!
The orc hits you with a +0 flail!
You die...

### #.# # ###.#######
.. #...#.....###.#
#.#.##.#....#.# .#
#.#.##.####.#.#####.##
#.#...(....@..........
#.#####....o..........
#.....................
#######................
#......oo.........
#...(.............
#.........w.......
#.................
#......∩.>........


You could see 2 orc priests, a dart slug and an orc.

Vanquished Creatures
  A worker ant (D:2)
  2 adders (D:2)
  An ooze (D:1)
  2 worms
  A dart slug (D:2)
  5 leopard geckos
  2 orcs
  6 bats
  4 giant cockroaches
  11 goblins
  3 hobgoblins
  3 jackals (D:3)
  8 kobolds
  2 ball pythons
  4 frilled lizards
  6 rats
61 creatures vanquished.

Notes
Turn   | Place    | Note
-------+----------+-------------------------------------------
     0 | D:1      | adizb the Octopode Transmuter began the quest for the Orb.
     0 | D:1      | Reached XP level 1. HP: 13/13 MP: 3/3
    65 | D:1      | Reached XP level 2. HP: 11/18 MP: 5/5
   314 | D:1      | Found a shimmering blue altar of Sif Muna.
   319 | D:1      | Reached XP level 3. HP: 8/23 MP: 6/6
   343 | D:1      | Learned a level 2 spell: Wereblood
  1024 | D:2      | Found a sacrificial altar of Ru.
  1024 | D:2      | Found a basalt altar of Yredelemnul.
  1231 | D:2      | Reached skill level 1 in Stealth
  1469 | D:2      | Reached XP level 4. HP: 23/28 MP: 5/7
  2124 | D:3      | Reached XP level 5. HP: 26/34 MP: 6/8
  2375 | D:4      | Found Juos's Antique Weapon Boutique.
  2404 | D:4      | Mangled by an orc

Illustrated notes

Levels and vault maps discovered:
D:1:      heliophobic_arrival_battle_scene, layout_basic, minmay_hexomino_r4
D:2:      layout_loops_ring, gammafunk_temple_overflow_elements, st_stairs_9
D:3:      layout_rooms
D:4:      layout_basic, serial_shops, shop, amcnicky_mini_corridor_feature

Skill      XL: |  1  2  3  4 |
---------------+-------------+-----
Stealth        | 1 2 |  2.0
Fighting       | |  1.8
Dodging        | |  2.6
Unarmed Combat | |  3.9
Spellcasting   | |  2.5
Transmutations | |  2.6

Action                   |  1- 3 |  4- 6 || total
-------------------------+-------+-------++-------
Melee: Unarmed           |    69 |    56 ||   125
       Constrict         |    17 |    18 ||    35
       Kick              |    12 |    13 ||    25
       Tentacles         |     8 |    10 ||    18
       Punch             |     1 |       ||     1
Throw: Dart              |     5 |       ||     5
 Cast: Beastly Appendage |    16 |    15 ||    31
       Wereblood         |     1 |     1 ||     2
  Use: Scroll            |       |     1 ||     1
 Stab: Sleeping          |     4 |     5 ||     9
       Distracted        |       |     1 ||     1
Armor: Skin              |     4 |     5 ||     9
Dodge: Dodged            |    28 |    27 ||    55
